 Dungeon Crawl Stone Soup version 0.23-a0-619-g281719c (webtiles) character file.

28 zishaf the Sneak (level 2, 0/19 HPs)
             Began as a Vampire Earth Elementalist on Dec 23, 2018.
             Succumbed to an adder's poison
             ... on level 2 of the Dungeon.
             The game lasted 00:02:47 (830 turns).

zishaf the Sneak (Vampire Earth Elementalist)        Turns: 830, Time: 00:02:48

Health: 0/19       AC:  4    Str:  7    XL:     2   Next: 96%
Magic:  0/5        EV: 12    Int: 17    God:
Gold:   25         SH:  0    Dex: 14    Spells: 2/5 levels left

rFire    . . .     SeeInvis +   k - +0 dagger
rCold    . . .     Gourm    .   (no shield)
rNeg     + . .     Faith    .   e - +0 leather armour
rPois    .         Spirit   .   a - +0 helmet
rElec    .         Reflect  .   (no cloak)
rCorr    .         Harm     .   (no gloves)
MR       .....                  (no boots)
Stlth    ++........             (no amulet)
HPRegen  0.06/turn              (no ring)
MPRegen  0.09/turn              (no ring)

@: lethally poisoned (0 -> -3), very slightly contaminated
A: fangs 3, see invisible, unbreathing
a: no special abilities


You were on level 2 of the Dungeon.
You were not thirsty.

You visited 1 branch of the dungeon, and saw 2 of its levels.

You collected 25 gold pieces.

Inventory:

Hand Weapons
 k - a +0 dagger (weapon)
Missiles
 b - 97 stones (quivered)
Armour
 a - a +0 helmet (worn)
 c - a +0 robe
 e - a +0 leather armour (worn)
Scrolls
 g - a scroll of teleportation {unknown}
 m - a scroll of immolation {unknown}
 n - a scroll of remove curse {unknown}
Potions
 d - 14 potions of blood
 f - 2 potions of degeneration {unknown}
 h - 2 potions of might {unknown}
 j - a potion of curing {unknown}
 l - 2 potions of agility {unknown}


   Skills:
 + Level 0.7 Short Blades
 + Level 2.8 Dodging
 + Level 3.8 Stealth
 - Level 2.0 Spellcasting
 - Level 1.1 Transmutations
 + Level 3.3 Earth Magic


You had 2 spell levels left.
You knew the following spells:

 Your Spells              Type           Power        Failure   Level  Hunger
a - Sandblast             Erth           ##....       8%          1    #......
b - Passwall              Tmut/Erth      #.......     19%         2    ###....

Your spell library contained the following spells:

 Spells                   Type           Power        Failure   Level  Hunger
 Stone Arrow              Conj/Erth      #.....       41%         3    ###....
 Petrify                  Tmut/Erth      #.......     75%         4    #####..
 Lee's Rapid Deconstruct  Erth           ##........   90%         5    ######.


Dungeon Overview and Level Annotations

Branches:
Dungeon (2/15)

Altars:


Innate Abilities, Weirdness & Mutations

You have razor-sharp teeth.
You have supernaturally acute eyesight. (SInv)
You can survive without breathing.


Message History

You feel sick. The adder bites you.
* * * LOW HITPOINT WARNING * * *
You miss the adder.
The adder is severely wounded.
The adder closely misses you. The adder bites you.
* * * LOW HITPOINT WARNING * * *
Casting: Sandblast (safe; 8% risk of failure)
Confirm with . or Enter, or press ? or * to list all spells.
Aiming: Sandblast (safe; 8% risk of failure)
Press: ? - help, Shift-Dir - straight line, f/p - adder
Aim: an adder (severely wounded)
The blast of sand misses the adder.
b - 97 stones The adder closely misses you.
You hit the adder.
The adder is almost dead.
The adder misses you.
You miss the adder.
The adder is almost dead.
You die...

#≈.≈♣#≈.≈...#
#....≈..≈..#
####..≈.♣.♣#
♣.≈≈≈≈♣≈≈≈#
#≈%≈≈s.♣†.#
#####.###.#
#.. #<#
##.####.#
#....S@[#
#.####### ≈≈


You could see an adder.

Vanquished Creatures
  A leopard gecko (D:1)
  6 bats (D:1)
  3 giant cockroaches
  4 goblins (D:1)
  4 hobgoblins (D:1)
  2 frilled lizards (D:1)
  5 rats (D:1)
25 creatures vanquished.

Notes
Turn   | Place    | Note
-------+----------+-------------------------------------------
     0 | D:1      | zishaf the Vampire Earth Elementalist began the quest for
                  | the Orb.
     0 | D:1      | Reached XP level 1. HP: 13/13 MP: 3/3
    76 | D:1      | Reached XP level 2. HP: 14/19 MP: 0/5
   811 | D:2      | Learned a level 2 spell: Passwall
   830 | D:2      | Succumbed to an adder's poison

Vault maps used:
D:1:      dpeg_arrival_stonehenge_12_columns
D:2:      zin_scriptorium, serial_rivers, chequers_serial_rivers_marsh,
          chequers_serial_rivers_small_3, chequers_serial_rivers_micro_e,
          chequers_serial_rivers_micro_e, chequers_serial_rivers_micro_a,
          chequers_serial_rivers_large_a, minmay_lizard_pond

Action                   || total
-------------------------++-------
Melee: Unarmed           ||    38
       Bite              ||     7
       Dagger            ||    45
 Cast: Sandblast         ||    15
 Stab: Sleeping          ||     8
Armor: Robe              ||     7
       Leather armour    ||    23
Dodge: Dodged            ||    72

Table legend:
 A = Non-vault XP
 B = Vault XP
 C = Vault XP percentage of total XP
 D = Non-vault monster count
 E = Vault monster count
 F = Vault count percentage of total count
                 A         B        C        D         E       F
            +---------+---------+-------+---------+---------+-------
      Total |      40 |       0 |   0.0 |      25 |       0 |   0.0
            +---------+---------+-------+---------+---------+-------
        D:1 |      38 |       0 |   0.0 |      24 |       0 |   0.0
        D:2 |       2 |       0 |   0.0 |       1 |       0 |   0.0
            +---------+---------+-------+---------+---------+-------
